AoeStats
← | ArCas | Toruk Makto

Arabia

509794492Analyzed
4v4 RM · 3d ago on Sep 28, 2026· 30m 3s· 8 players
Game mode
Random Map
Map size
Large (8 player)
Population
200
Speed
Normal
Resources
Standard
Victory
Conquest
Starting age
Dark Age
Ending age
Imperial Age
RankedLock teamsTeams togetherTeam positionsShared explorationLock speedFull tech treeHidden civsTurbo modeCheats
Victory
Defeat
🇺🇸 Varangians · United States
1452
+12
🇺🇸 Franks · United States
1430
+13
🇺🇸 Britons · United States
1411
+14
🇦🇷 Magyars · Argentina
1378
+14
🇨🇱 Saracens · Chile
1371
-14
🇨🇱 Franks · Chile
1361
-13
🇨🇱 Ethiopians · Chile
1360
-13
🇨🇱 Persians · Chile
1358
-13
busy pushing deer
4:31 Loom
9:34 Feudal Age
9:45 Man-at-Arms
10:15 Double-Bit Axe
11:24 Arson
16:26 Fletching
23:10 Castle Age
23:36 Scale Barding Armor
23:41 Forging
24:26 Bow Saw
24:39 Horse Collar
25:14 Gold Mining
30:40 Heavy Plow
Alt+F4 | Haise
6:48 Loom
8:42 Feudal Age
9:42 Double-Bit Axe
17:02 Forging
17:27 Scale Barding Armor
21:08 Fletching
25:33 Castle Age
24:19 Gold Mining
25:41 Light Cavalry
26:23 Husbandry
26:59 Iron Casting
27:42 Wheelbarrow
Azwad
6:34 Loom
8:36 Feudal Age
9:17 Double-Bit Axe
11:07 Gold Mining
11:24 Town Watch
11:27 Horse Collar
15:36 Fletching
16:13 Padded Archer Armor
25:01 Castle Age
25:10 Crossbowman
25:46 Bodkin Arrow
25:53 Squires
25:17 Pikeman
27:21 Leather Archer Armor
28:18 Wheelbarrow
| ArCas | Toruk Makto
6:31 Loom
9:24 Feudal Age
9:56 Double-Bit Axe
9:54 Horse Collar
18:14 Scale Barding Armor
20:25 Bloodlines
24:14 Castle Age
24:50 Castle Age
23:45 Gold Mining
25:21 Wheelbarrow
24:53 Light Cavalry
25:35 Husbandry
26:06 Chain Barding Armor
ATELLo
6:21 Loom
9:20 Feudal Age
10:13 Double-Bit Axe
13:59 Fletching
20:30 Padded Archer Armor
27:45 Castle Age
27:45 Crossbowman
28:26 Bodkin Arrow
29:09 Leather Archer Armor
Mancodios
8:24 Loom
11:10 Feudal Age
15:06 Fletching
18:54 Double-Bit Axe
28:31 Castle Age
28:36 Crossbowman
Leonardo
6:24 Loom
9:01 Feudal Age
9:32 Double-Bit Axe
14:44 Forging
14:44 Scale Barding Armor
16:41 Forging
25:40 Castle Age
24:40 Gold Mining
25:45 Light Cavalry
26:47 Chain Barding Armor
26:49 Husbandry
27:56 Bow Saw
29:09 Wheelbarrow
Gus Dekkers
5:27 Loom
9:16 Feudal Age
11:00 Scale Barding Armor
14:34 Forging
14:24 Scale Mail Armor
18:54 Bloodlines
22:34 Double-Bit Axe
28:05 Castle Age
26:51 Horse Collar
28:59 Chain Barding Armor
28:45 Husbandry
28:27 Light Cavalry
Connection lost

Rejoining the realm…

Still unreachable

The connection could not be restored.

Session expired

The server has moved on; the page needs a fresh start.